 Dungeon Crawl Stone Soup version 0.30-a0-123-g91d0c66ccf (webtiles) character file.

Game seed: 1069022429449364155

6696 greasedhog the Cleaver (level 11, -3/89 HPs)
             Began as a Formicid Fighter on Sept 17, 2022.
             Was a High Priest of Uskayaw.
             Slain by an orc warrior
             ... wielding a +0 long sword
              (5 damage)
             ... on level 9 of the Dungeon.
             The game lasted 00:15:42 (9556 turns).

greasedhog the Cleaver (Formicid Fighter)           Turns: 9556, Time: 00:15:43

Health: -3/89      AC: 14    Str: 25    XL:     11   Next: 23%
Magic:  11/11      EV: 14    Int:  8    God:    Uskayaw [*****.]
Gold:   824        SH:  0    Dex: 13    Spells: 10/10 levels left

rFire   . . .      SeeInvis +    d - +5 battleaxe
rCold   + . .      Faith    .    c - +0 buckler
rNeg    + . .      Spirit   .    w - +1 chain mail {rC+}
rPois   .          Reflect  +    (helmet unavailable)
rElec   .          Harm     .    (no cloak)
rCorr   .          Rampage  .    y - +0 pair of gloves
Will    +....                    h - +0 pair of boots
Stlth   ..........               L - amulet of reflection
HPRegen 0.24/turn                n - ring of positive energy
MPRegen 0.12/turn                r - +4 ring of evasion

@: confused, ambrosia-drunk
A: permanent stasis, dig shafts and tunnels, antennae 3, four strong arms
a: Dig, Shaft Self, Renounce Religion, Stomp, Line Pass, Grand Finale


You were on level 9 of the Dungeon.
You worshipped Uskayaw.
Uskayaw was noncommittal.
You visited 2 branches of the dungeon, and saw 11 of its levels.
You also visited: Ossuary.

You collected 824 gold pieces.

Inventory:

Hand Weapons
 d - a +5 battleaxe (weapon)
Missiles
 q - 2 throwing nets
Armour
 c - a +0 buckler (worn)
 h - a +0 pair of boots (worn)
 w - a +1 chain mail of cold resistance (worn)
 y - a +0 pair of gloves (worn)
Jewellery
 l - a ring of ice
 n - a ring of positive energy (left hand)
 o - a ring of fire
 r - a +4 ring of evasion (right hand)
 L - an amulet of reflection (around neck)
Wands
 I - a wand of polymorph (3)
 K - a wand of acid (3)
Scrolls
 a - a scroll of enchant armour {unknown}
 e - 6 scrolls of teleportation {unknown}
 g - 5 scrolls of silence
 i - a scroll of noise {unknown}
 j - 3 scrolls of vulnerability
 k - 5 scrolls of amnesia
 m - 2 scrolls of poison
 p - 2 scrolls of magic mapping {unknown}
 s - 3 scrolls of immolation {unknown}
 A - a scroll of torment
 E - a scroll of fear {unknown}
 J - a scroll of identify
Potions
 b - 2 potions of attraction {unknown}
 f - 3 potions of cancellation
 t - 2 potions of heal wounds {unknown}
 u - a potion of berserk rage {unknown}
 v - 4 potions of curing
 x - a potion of resistance {unknown}
 z - 3 potions of invisibility {unknown}
 B - a potion of brilliance {unknown}
 C - 3 potions of degeneration {unknown}
 D - a potion of ambrosia
 F - a potion of haste {unknown}
 G - 4 potions of flight {unknown}
 H - 2 potions of mutation {unknown}


   Skills:
 * Level 9.2 Fighting
 * Level 10.9 Axes
 * Level 8.4 Armour
 - Level 5.4 Dodging
 - Level 5.7 Shields


You had 10 spell levels left.
You didn't know any spells.
Your spell library contained the following spells:

 Spells                   Type           Power      Damage    Failure   Level
 Magic Dart               Conj           0%         1d3       96%         1
 Call Imp                 Summ           0%         N/A       99%         2
 Dazzling Flash           Conj/Hex       0%         N/A       100%        3
 Lesser Beckoning         Tloc           0%         N/A       100%        3
 Mephitic Cloud           Conj/Pois/Air  0%         N/A       100%        3
 Manifold Assault         Tloc           0%         N/A       100%        4
 Summon Ice Beast         Ice/Summ       0%         N/A       100%        4
 Agony                    Necr           0%         N/A       100%        5
 Silence                  Hex/Air        0%         N/A       100%        5
 Summon Mana Viper        Hex/Summ       0%         N/A       100%        5
 Monstrous Menagerie      Summ           0%         N/A       100%        7
 Blink                    Tloc           Unusable   N/A       N/A         2

Dungeon Overview and Level Annotations

Branches:
Dungeon (10/15)            Temple (1/1) D:7         Ossuary (visited)
   Lair: D:8-11         Orc: D:9-12

Altars:
Cheibriados
Dithmenos
Elyvilon
Fedhas
Gozag
Hepliaklqana
Kikubaaqudgha
Makhleb
Nemelex Xobeh
Okawaru
Qazlal
Ru
Sif Muna
Trog
Uskayaw
Vehumet
Wu Jian
Xom
Yredelemnul
Zin
The Shining One

Shops:
D:2 =

Annotations:
D:9 2 runed translucent doors, zishaf's ghost, novice DjVM


Innate Abilities, Weirdness & Mutations

You cannot be hasted, slowed, berserked, paralysed or teleported.
You can dig through walls and to a lower floor.
You have a pair of large antennae on your head. (SInv)
Your four strong arms can wield two-handed weapons with a shield.


Message History

Press: ? - help, Shift-Dir - straight line, f - orc warrior
Aim: an orc warrior, wielding a +0 battleaxe and wearing a +0 plate armour (lightly wounded)
Okay, then.
Aiming: Line Pass
Press: ? - help, Dir - move target The orc warrior appears confused.
You can no longer merge with and destroy a victim.
The orc warrior closely misses you.
Unknown command.
You slash the orc priest!
The orc priest is almost dead.
You hit the orc warrior but do no damage.
You hit the orc warrior.
You are no longer corroded.
The orc priest closely misses you. The orc warrior misses you.
Unknown command.
You slash the orc priest!
You kill the orc priest!
You catch the helpless orc warrior completely off-guard!
You hit the orc warrior. You closely miss the orc warrior.
The orc warrior seems less confused.
The orc warrior hits you with a +0 long sword.
* * * LOW HITPOINT WARNING * * *
The orc warrior hits you with a +0 battleaxe!
* * * LOW HITPOINT WARNING * * *
You can now merge with and destroy a victim.
You slash the orc warrior!
The orc warrior is severely wounded.
You hit the orc warrior but do no damage.
You block the orc warrior's attack.
An orc priest comes into view. It is wielding a +0 mace.
The orc warrior hits you with a +0 long sword.
* * * LOW HITPOINT WARNING * * *
You are confused.
You feel invigorated. The orc warrior barely misses you.
The orc priest mumbles some strange prayers to Beogh against you.
Beogh smites you!
* * * LOW HITPOINT WARNING * * *
The orc warrior hits you with a +0 long sword.
You die...

#.....##...####++####
#.....##.............
#.....##...........#.
#...<................
#####.#######).......
### #$)........ #..
##.........
##..#o)o.......
{#.....@........
##..#.)..######
#o...#....# ##8#
#....# ## .....#
....### ....# ####.#


You could see 2 orc warriors and an orc priest.

Vanquished Creatures
  Erica (D:9)
  Pikel (D:7)
  A troll (D:9)
  Grinder (D:5)
  Sigmund (D:4)
  A shadow (D:9)
  10 yaks (D:9)
  2 wraiths (Ossuary)
  An acid dragon (D:9)
  2 water moccasins
  An orc warrior (D:9)
  A black bear (D:8)
  2 ogres
  A centaur (D:4)
  2 phantoms
  2 kobold brigands
  A lemure (D:7)
  3 scorpions
  4 bullfrogs
  2 necrophages
  A gnoll sergeant (D:9)
  7 wights
  3 killer bees (D:9)
  2 jellies
  A gnoll bouda (D:7)
  9 orc priests
  3 hounds
  2 iguanas (D:6)
  Natasha (thrice) (D:4)
  6 orc wizards
  8 adders
  11 gnolls
  2 shadow imps
  A white imp (D:5)
  4 ufetubi
  2 adder zombies (Ossuary)
  5 worms
  3 dart slugs
  38 orcs
  9 endoplasms
  2 giant cockroaches
  9 goblins
  8 hobgoblins
  4 jackals
  3 quokkas (D:3)
  10 ball pythons
  4 bats
  6 frilled lizards
  2 hobgoblin skeletons (Ossuary)
  13 kobolds
  A kobold zombie (Ossuary)
  An orc skeleton (Ossuary)
  3 orc zombies (Ossuary)
  4 rats
230 creatures vanquished.

Notes
Turn   | Place    | Note
-------+----------+-------------------------------------------
     0 | D:1      | greasedhog the Formicid Fighter began the quest for the
                  | Orb.
     0 | D:1      | Reached XP level 1. HP: 18/18 MP: 1/1
   140 | D:1      | Found a faded altar of an unknown god.
   154 | D:1      | Reached XP level 2. HP: 23/24 MP: 2/2
   595 | D:2      | Reached XP level 3. HP: 30/30 MP: 3/3
   758 | D:2      | Reached skill level 3 in Axes
   783 | D:2      | Found Ygem's Jewellery Shoppe.
   793 | D:2      | Reached XP level 4. HP: 22/37 MP: 4/4
  1706 | D:3      | Reached XP level 5. HP: 35/43 MP: 5/5
  1936 | D:3      | Noticed a water moccasin
  1941 | D:3      | Killed a water moccasin
  1942 | D:3      | Reached skill level 5 in Fighting
  1942 | D:3      | Reached skill level 4 in Axes
  1942 | D:3      | Reached XP level 6. HP: 33/51 MP: 6/6
  2920 | D:4      | Reached skill level 5 in Axes
  3143 | D:4      | Reached XP level 7. HP: 54/56 MP: 7/7
  3349 | D:4      | Reached skill level 5 in Armour
  3367 | D:4      | Reached skill level 6 in Axes
  3367 | D:4      | Reached skill level 1 in Dodging
  3597 | D:4      | Noticed Natasha
  3602 | D:4      | Killed Natasha
  3603 | D:4      | Reached XP level 8. HP: 58/63 MP: 8/8
  3695 | D:4      | Noticed Sigmund
  3707 | D:4      | Killed Sigmund
  3746 | D:4      | Noticed Natasha
  3752 | D:4      | Killed Natasha
  3874 | D:4      | Noticed Natasha
  3880 | D:4      | Killed Natasha
  4227 | D:5      | Entered Level 5 of the Dungeon
  4539 | D:5      | Reached skill level 7 in Axes
  4767 | D:5      | Noticed Grinder
  4791 | D:5      | Killed Grinder
  4792 | D:5      | Reached XP level 9. HP: 65/68 MP: 9/9
  5065 | D:5      | Reached skill level 8 in Axes
  5104 | D:5      | Found a radiant altar of Vehumet.
  5138 | D:6      | Found a sand-covered staircase.
  5154 | D:6      | Upgraded the game from 0.30-a0-122-g2a1322497e to
                  | 0.30-a0-123-g91d0c66ccf
  5155 | Ossuary  | Entered an ossuary
  5312 | Ossuary  | Reached skill level 5 in Dodging
  5722 | D:6      | HP: 3/65 [wight/+5 battleaxe (1)]
  5725 | D:6      | Reached skill level 5 in Shields
  5736 | D:6      | Reached skill level 9 in Axes
  6351 | D:6      | Found an opulent altar of Gozag.
  6352 | D:6      | Found a shimmering altar of Xom.
  6701 | D:7      | Reached XP level 10. HP: 75/77 MP: 10/10
  6736 | D:7      | Found a burning altar of Makhleb.
  6741 | D:7      | Found a bloodstained altar of Trog.
  6874 | D:7      | Found an ancient bone altar of Kikubaaqudgha.
  6880 | D:7      | Found a sacrificial altar of Ru.
  6885 | D:7      | Found an ornate altar of the Wu Jian Council.
  7167 | D:7      | Found a staircase to the Ecumenical Temple.
  7177 | Temple   | Entered the Ecumenical Temple
  7376 | Temple   | Became a worshipper of Uskayaw the Reveller
  7482 | D:7      | Reached * piety under Uskayaw
  7487 | D:7      | Reached ** piety under Uskayaw
  7492 | D:7      | Reached *** piety under Uskayaw
  7717 | D:7      | Noticed Pikel
  7724 | D:7      | Killed Pikel
  7835 | D:8      | You fall into a shaft and drop 2 floors!
  7835 | D:10     | Entered Level 10 of the Dungeon
  8254 | D:9      | Identified the +9 rapier of the Evening {vorpal, rF+ Dex+4}
  8286 | D:9      | Reached **** piety under Uskayaw
  8289 | D:9      | Reached ***** piety under Uskayaw
  8290 | D:9      | Reached skill level 10 in Axes
  8655 | D:9      | Reached XP level 11. HP: 49/87 MP: 11/11
  8925 | D:9      | Noticed Erica
  8949 | D:9      | Killed Erica
  9522 | D:9      | Found a large runed translucent door.
  9522 | D:9      | Found a large runed translucent door.
  9525 | D:9      | Noticed zishaf's ghost (novice DjVM)
  9556 | D:9      | HP: 2/89 [orc priest/divine providence (12)]
  9556 | D:9      | Slain by an orc warrior

Illustrated notes

Levels and vault maps discovered:
D:1:      moated_graveyard_arrival, layout_basic, ebering_ecumenical_altar_box
D:2:      layout_basic, serial_shops, nicolae_shop_waterfront
D:3:      minmay_razor_zed, layout_rooms, kennysheep_boxes
D:4:      minmay_polygon_palace, layout_loops_corners, uniq_sigmund,
          uniq_natasha
D:5:      layout_gridville, kennysheep_mini, minmay_hedge_maze, uniq_grinder
D:6:      layout_rooms, jmf_multi_god_temple, nicolae_ossuary_entry_ruins
D:7:      layout_gridville, grunt_temple_overflow_open,
          minmay_overflow_temple_star_quad, minmay_temple_entry_large_hall,
          uniq_pikel
D:8:      layout_rooms, serial_corexii_hall, chequers_hall_statues_corner_a,
          chequers_hall_statues_wall_a
D:9:      layout_basic, grunt_ashenzari_visionary
          [grunt_ashenzari_visionary_swamp, grunt_ashenzari_visionary_snake],
          ebering_ghost_disaster_area, pf_guarded_unrand_meek, uniq_erica,
          uniq_maurice
D:10:     layout_loops_ring
Temple:   nicolae_temple_bog_church

Skill      XL: |  1  2  3  4  5  6  7  8  9 10 11 |
---------------+----------------------------------+-----
Fighting       | 4 5 6 8 9 |  9.2
Axes           | 3 4 5 6 7 9 10 | 10.9
Armour         | 4 5 7 8 |  8.4
Dodging        | 1 4 5 |  5.4
Shields        | 5 |  5.7

Action                   |  1- 3 |  4- 6 |  7- 9 | 10-12 || total
-------------------------+-------+-------+-------+-------++-------
Melee: War axe           |    66 |   151 |    76 |       ||   293
       Broad axe         |       |       |   163 |       ||   163
       Battleaxe         |       |       |    33 |   157 ||   190
Invok: Line Pass         |       |       |       |     3 ||     3
 Abil: Shaft Self        |       |       |       |     1 ||     1
  Use: Scroll            |     1 |     3 |     2 |       ||     6
       Potion            |       |       |     4 |     2 ||     6
 Stab: Paralysed         |       |       |       |     8 ||     8
       Confused          |       |       |       |     1 ||     1
Armor: Scale mail        |    29 |    23 |       |       ||    52
       Plate armour      |       |    38 |   135 |     6 ||   179
       Chain mail        |       |       |       |    60 ||    60
Dodge: Dodged            |    28 |    44 |   129 |   137 ||   338
Block: Buckler           |    18 |    34 |    53 |    67 ||   172

Table legend: (Time is in decaauts)
 A = Elapsed time spent in this place.
 B = Non-inter-level travel time spent in this place.
 C = Inter-level travel time spent in this place.
 D = Time resting spent in this place.
 E = Time spent auto-exploring this place.
 F = Levels seen in this place.
 G = Mean time per level.
                   A        B        C        D        E       F      G
               +--------+--------+--------+--------+--------+-----+--------+
         Total |   9739 |   9446 |    293 |   1344 |   6345 |  12 |  811.6 |
       Dungeon |   9045 |   8789 |    256 |   1344 |   5865 |  10 |  904.5 |
        Temple |    223 |    187 |     36 |      0 |    174 |   1 |  223.0 |
       Ossuary |    470 |    470 |      0 |      0 |    305 |   1 |  470.0 |
               +--------+--------+--------+--------+--------+-----+--------+

Top non-repeatable levels by time:
     D:4: 1521 daAuts
     D:9: 1427 daAuts
     D:3: 1130 daAuts
     D:6: 1080 daAuts
     D:2: 1060 daAuts
     D:5: 927 daAuts
     D:7: 914 daAuts
     D:1: 604 daAuts
 Ossuary: 470 daAuts
    D:10: 296 daAuts
  Temple: 223 daAuts
     D:8: 81 daAuts
